 Dungeon Crawl Stone Soup version 0.29.1-1-gd02db69 (webtiles) character file.

Game seed: 16476813410662423902

93 samcosmo the Sneak (level 4, -5/28 HPs)
             Began as an Octopode Enchanter on Apr 27, 2023.
             Killed by nerve-wracking pain
             ... invoked by an orc priest
              (14 damage)
             ... on level 3 of the Dungeon.
             The game lasted 00:05:01 (1927 turns).

samcosmo the Sneak (Octopode Enchanter)             Turns: 1927, Time: 00:05:03

Health: -5/28      AC:  1    Str:  7    XL:     4   Next: 62%
Magic:  5/7        EV: 13    Int: 17    God:
Gold:   116        SH:  0    Dex: 14    Spells: 2/7 levels left

rFire   . . .      SeeInvis .   g - +3 short sword (venom)
rCold   . . .      Faith    .   (no shield)
rNeg    . . .      Spirit   .   (helmet restricted)
rPois   .          Reflect  .   (no amulet)
rElec   .          Harm     .   (no ring)
rCorr   .          Rampage  .   (no ring)
Will    .....                   (no ring)
Stlth   ++++......              (no ring)
HPRegen 0.09/turn               (no ring)
MPRegen 0.10/turn               (no ring)
                                (no ring)
                                (no ring)

@: no status effects
A: almost no armour, amphibious, 8 rings, camouflage 1, gelatinous body 1,
(nimble swimmer 1), tentacles
a: no special abilities


You were on level 3 of the Dungeon.
You visited 1 branch of the dungeon, and saw 3 of its levels.

You collected 116 gold pieces.

Inventory:

Hand Weapons
 a - a +1 dagger
 g - a +3 short sword of venom (weapon)
Missiles
 k - a throwing net (quivered)
Potions
 b - 2 potions of invisibility
 d - 2 potions of degeneration
 f - a potion of heal wounds
 h - a potion of resistance {unknown}
 m - a potion of lignification {unknown}
 o - a potion of curing {unknown}
 p - a potion of ambrosia {unknown}
 q - a potion of magic {unknown}
 s - a potion of mutation {unknown}


   Skills:
 + Level 1.2 Fighting
 + Level 1.5 Short Blades
 + Level 2.5 Dodging
 + Level 4.6 Stealth
 + Level 2.4 Spellcasting
 * Level 3.8 Hexes


You had 2 spell levels left.
You knew the following spells:

 Your Spells              Type           Power      Damage    Failure   Level
a - Ensorcelled Hibernat  Hex/Ice        16%        N/A       13%         2
b - Confusing Touch       Hex            15%        N/A       12%         3

Your spell library contained the following spells:

 Spells                   Type           Power      Damage    Failure   Level
 Tukima's Dance           Hex            15%        N/A       12%         3
 Dazzling Flash           Conj/Hex       16%        N/A       26%         3


Dungeon Overview and Level Annotations

Branches:
Dungeon (3/15)

Altars:


Innate Abilities, Weirdness & Mutations

You cannot wear most types of armour.
You are amphibious.
You can wear up to eight rings at the same time.
Your skin changes colour to match your surroundings (Stealth+).
Your rubbery body absorbs attacks. (AC +1, EV +1)
((You are camouflaged when in or above water. (Stealth+)))
You have tentacles for arms and can constrict up to eight enemies at once.


Message History

The orc closely misses you.
You hit the orc. You squeeze the orc, but do no damage.
The orc is severely wounded.
You constrict the orc, but do no damage.
You kill the orc!
The orc priest calls down the wrath of Beogh upon you.
Pain shoots through your body!
You start resting.
An orc priest is nearby!
You are too injured to fight recklessly!
Casting: Ensorcelled Hibernation (safe; 13% risk of failure)
Confirm with . or Enter, or press ? or * to list all spells.
Aiming: Ensorcelled Hibernation (safe; 13% risk of failure)
Press: ? - help, Shift-Dir - straight line, f - orc priest
Aim: an orc priest, wielding a +0 hand axe and wearing a +0 scale mail (chance to affect: 41%)
Okay, then.
You are too injured to fight recklessly!
You are too injured to fight recklessly!
You hit the orc priest but do no damage.
The orc priest is poisoned.
You grab the orc priest. You squeeze the orc priest.
The orc priest is lightly wounded.
You constrict the orc priest, but do no damage.
The orc priest closely misses you.
You hit the orc priest.
The orc priest looks even sicker.
The orc priest is moderately wounded.
You constrict the orc priest, but do no damage.
The orc priest hits you with a +0 hand axe.
You hit the orc priest.
The orc priest looks as sick as possible!
The orc priest is severely wounded.
You constrict the orc priest, but do no damage.
The orc priest begins to cast a cantrip, but forgets the words!
You hit the orc priest but do no damage.
The orc priest is severely wounded.
You constrict the orc priest.
The orc priest mumbles some strange prayers to Beogh against you.
Pain shoots through your body!
Ouch! That really hurt!
You die...

********,>,,+.........,,,,,
*******,,,,..#.####......#,******
,,,,,,,,,,,........##....#,* *<*
,,,,,,,,***#.#.###)#*...[#,* *,*
,,,,,<,,* *,,,,,#.#*....#,* *,*
,,,,,,,** *,***##.#*#####,* *,*
,,,,,,,,* *,* #..# *,***,**
*******,#########o.# *,*,,,,,
*,........@..# *,*,*,**
**#########..# *,*,*,** #########
#..# *,,,,,,,
......<.#########..# *,*,*,**
...................# *,*,*,**
#################.## ***,*,** #.#
*,*,** #.# *,*,** #.# *,*,**


You could see an orc priest (extremely poisoned).

Vanquished Creatures
  4 adders
  A worm (D:2)
  2 orcs (D:3)
  3 endoplasms
  3 giant cockroaches
  8 goblins
  5 hobgoblins
  4 quokkas
  3 ball pythons
  4 bats
  3 frilled lizards
  5 kobolds
  2 rats
47 creatures vanquished.

Vanquished Creatures (collateral kills)
  An endoplasm (D:3)
1 creature vanquished.

Grand Total: 48 creatures vanquished

Notes
Turn   | Place    | Note
-------+----------+-------------------------------------------
     0 | D:1      | samcosmo the Octopode Enchanter began the quest for the
                  | Orb.
     0 | D:1      | Reached XP level 1. HP: 11/11 MP: 3/3
    21 | D:1      | Found a faded altar of an unknown god.
   175 | D:1      | Reached XP level 2. HP: 11/17 MP: 5/5
   387 | D:1      | Learned a level 2 spell: Ensorcelled Hibernation
   901 | D:1      | Reached XP level 3. HP: 22/22 MP: 6/6
  1086 | D:2      | Reached skill level 1 in Fighting
  1268 | D:2      | Reached XP level 4. HP: 25/28 MP: 7/7
  1361 | D:2      | Learned a level 3 spell: Confusing Touch
  1927 | D:3      | Killed from afar by an orc priest

Illustrated notes

Levels and vault maps discovered:
D:1:      psy_arrival_radial01, layout_basic,
          hellmonk_ecumenical_altar_heavens_door, roderic_roman_lattice
D:2:      layout_loops_ring
D:3:      minmay_diamond_boxcup, layout_basic, gammafunk_ghost_split,
          minmay_cupped, uniq_terence, uniq_jessica

Skill      XL: |  1  2  3 |
---------------+----------+-----
Fighting       | 1 |  1.2
Short Blades   | |  1.5
Dodging        | |  2.5
Stealth        | |  4.6
Spellcasting   | |  2.4
Hexes          | |  3.8

Action                   |  1- 3 |  4- 6 || total
-------------------------+-------+-------++-------
Melee: Dagger            |    30 |       ||    30
       Constrict         |    11 |     8 ||    19
       Tentacles         |     5 |     3 ||     8
       Short sword       |    25 |    34 ||    59
       Punch             |       |     1 ||     1
 Cast: Ensorcelled Hiber |       |     2 ||     2
  Use: Scroll            |       |     8 ||     8
 Stab: Sleeping          |    13 |     8 ||    21
Armor: Skin              |     4 |       ||     4
Dodge: Dodged            |    27 |    19 ||    46
